[Event "Championnat du monde jeunes U12"]
[Date "2024.11.26"]
[White "Shirinov, Yashar"]
[Black "Anagnostopoulos, Panagiotis"]
[WhiteElo "1642"]
[BlackElo "1848"]
[Round "11.49"]
[Result "0-1"]
[TimeControl "5400+30"]

1. d4 Nf6 2. c4 g6 3. Nc3 d5 4. cxd5 Nxd5 5. Bd2 c5 6. e4 Nxc3 7. Bxc3 cxd4 8. Qxd4 Qxd4 9. Bxd4 f6 10. Nf3 e5 11. Bc3 Be6 12. Bb5+ Kf7 13. O-O Be7 14. Nd2 a6 15. Bc4 b5 16. Bxe6+ Kxe6 17. a3 Nd7 18. Rfd1 Rac8 19. Nb3 Nb6 20. Bb4 Nc4 21. Bc3 Rhd8 22. Rxd8 Bxd8 23. a4 Be7 24.
axb5 axb5 25. Ra6+ Kd7 26. Ra7+ Rc7 27. Rxc7+ Kxc7 28. Nd2 Nd6 29. f3 Nb7 30. Nf1 Bc5+ 31. Kh1 b4 32. Bd2 Na5 33. Ne3 Bxe3 34. Bxe3 Nc4 35. Bc1 Kc6 36. Kg1 Kb5 37. b3 Na5 38. Bh6 Nxb3 39. Bg7 Nd4 40. Bxf6 b3 41. Bxe5 b2 42. Bxd4 b1=Q+ 43. Kf2 Kc4 44. Be5 g5 45. Bf6 g4 46. e5 gxf3 47. gxf3 Qf5 48.
Kg3 Kd5 49. h3 h5 50. f4 Ke6 51. Bg5 Qd3+ 52. Kh4 Kf5 53. Bh6 Qe3 54. Bg5 Qb6 55. Kxh5 Qc7 56. Kh4 Qh7+ 57. Kg3 Qd7 58. Kh4 Qd2 59. Bh6 Qf2+ 60. Kh5 Qg3 61. Bg5 Qxh3+ 62. Bh4 Qg4+ 63. Kh6 Qxh4+ 0-1

[Variant "Standard"]
[Site "Europe Echecs"]

[Event "Championnat du monde jeunes U12"]
[Date "2024.11.26"]
[White "Krasniqi, Troi"]
[Black "Zhang, Sean"]
[WhiteElo "1610"]
[BlackElo "1789"]
[Round "11.50"]
[Result "0-1"]
[TimeControl "5400+30"]

1. e4 c5 2. Nf3 Nc6 3. d4 cxd4 4. Nxd4 Nf6 5. Nc3 d6 6. Be3 Ng4 7. Nxc6 bxc6 8. Bf4 Qb6 9. Qd2 e5 10. Bg3 Be6 11. f3 Nf6 12. Na4 Qc7 13. Be2 Be7 14. O-O O-O 15. Bf2 Rfd8 16. c4 Rac8 17. Nc3 Nd7 18. Nd5 cxd5 19. cxd5 Qc2 20. Qe3 Bxd5 21. exd5 Qxb2 22. Ba6 Rb8 23. Rfb1 Qxb1+ 24. Rxb1 Rxb1+ 25. Bf1 Nc5 26. Qd2 Rc8 27. Qa5 a6 28. Qc3 Bg5 29. g3 Rc1 30. Qa5 g6 31. Kg2 Rc2 32. f4 Ne4 33. Bd3 Rxf2+ 34. Kh3 Nc5 35. Bxa6 Ra8 36. fxg5 Rxa6 37. Qd8+ Kg7 38. Kg4 e4 39. h4 e3 40. Qe7 e2 41. Qe3 Ra4+ 42. Kh3 Re4 43. Qxf2 e1=Q 44. Qf6+ Kg8 45. Qd8+ Re8 46. Qxd6 Qh1+ 0-1

[Variant "Standard"]
[Site "Europe Echecs"]

[Event "Championnat du monde jeunes U12"]
[Date "2024.11.26"]
[White "Nicot, Valentin"]
[Black "Su, Jayden Chenxuan"]
[WhiteElo "2078"]
[BlackElo "1700"]
[Round "11.51"]
[Result "1-0"]
[TimeControl "5400+30"]

1. e4 e5 2. Nf3 Nc6 3. d4 exd4 4. Nxd4 Qf6 5. Nb3 Qg6 6. f3 Nf6 7. Nc3 Bb4 8. Bd2 O-O 9. a3 Bxc3 10. Bxc3 Re8 11. Qd2 a6 12. O-O-O b5 13. Bd3 Qh6 14. Qxh6 gxh6 15. Bxf6 Re6 16. Bc3 d6 17. f4 Bd7 18. e5 Rd8 19. f5 Ree8 20. exd6 cxd6 21. Rhe1 Ne5 22. Bxe5 dxe5 23. Be4 Re7 24. Nc5 f6 25. Bd5+ Kf8 26. Be6 Ke8 27. Nxd7 Rg7 28. Nxf6+ Ke7 29. Rxd8 Kxd8 30. Rd1+ Ke7 31. Nd5+ Kf8 32. f6 Rxg2 33. Nf4 1-0

[Variant "Standard"]
[Site "Europe Echecs"]

[Event "Championnat du monde jeunes U12"]
[Date "2024.11.26"]
[White "Wang, Yu-Chi Xavier"]
[Black "Petrovski, Nikola"]
[WhiteElo "1543"]
[BlackElo "1829"]
[Round "11.52"]
[Result "1-0"]
[TimeControl "5400+30"]

1. e4 e5 2. Nf3 Nc6 3. Bb5 Bc5 4. Nc3 d6 5. Na4 Bb6 6. Nxb6 axb6 7. h3 Nf6 8. d3 h6 9. O-O O-O 10. Bxc6 bxc6 11. c3 Be6 12. a3 Re8 13. Re1 Qd7 14. d4 exd4 15. cxd4 Bc4 16. Nd2 Ba6 17. b4 c5 18. Bb2 cxd4 19. Bxd4 Nh7 20. Re3 Ng5 21. Rg3 g6 22. Qc2 Bb7 23. Re1 c5 24. Ba1 cxb4 25. Qb2 Re5 26. Nc4 bxa3 27. Qc3 Nxe4 28. Nxe5 dxe5 29. Qxe5 f6 30. Rxg6+ Kh7 31. Qh5 Qd2 32. Re2 Qf4 33. g3 Qc1+ 34. Kh2 Qh1+ 35. Kxh1 Nxg3+ 36. Kh2 Nxh5 37. Rg1 Bf3 38.
Re7+ Kh8 39. Rg6 Rf8 40. Rxh6+ Kg8 41.
Reh7 Rf7 42. Rh8+ Kg7 43. R6h7+ Kg6 44.
Rxf7 Kxf7 45. Rb8 Nf4 46. Rxb6 Ne2 47.
Rxf6+ 1-0

[Variant "Standard"]
[Site "Europe Echecs"]

[Event "Championnat du monde jeunes U12"]
[Date "2024.11.26"]
[White "Simiyu Jadon"]
[Black "Zutautas, Mantas"]
[WhiteElo "1784"]
[BlackElo "1540"]
[Round "11.53"]
[Result "1-0"]
[TimeControl "5400+30"]

1. e4 e6 2. d4 d5 3. Nd2 dxe4 4. Nxe4 Nd7 5. Nf3 Ngf6 6. Nxf6+ Nxf6 7. Bd3 c5 8. O-O a6 9. Bg5 Be7 10. dxc5 Bxc5 11. Qe2 O-O 12. Rad1 Qc7 13. c4 b6 14. Ne5 Nd7 15. Bf4 Nxe5 16. Bxe5 Qe7 17. a3 a5 18. b4 axb4 19. axb4 Bxb4 20. Qe4 g6 21. Qxa8 Bb7 22. Qa2 Qg5 23. Bg3 Bc5 24. Qd2 Qf6 25. Qf4 Qc3 26. Be2 Ra8 27. Rd7 Bc6 28. Qxf7+ Kh8 1-0

[Variant "Standard"]
[Site "Europe Echecs"]

[Event "Championnat du monde jeunes U12"]
[Date "2024.11.26"]
[White "Lee, Daniel Joshua"]
[Black "Huang, Hao-Xuan"]
[WhiteElo "1765"]
[BlackElo "1516"]
[Round "11.54"]
[Result "1-0"]
[TimeControl "5400+30"]

1. e4 e5 2. Nf3 Nc6 3. Bc4 Nf6 4. d3 Bc5 5. c3 O-O 6. O-O d6 7. Bg5 Bg4 8. Nbd2 h6 9. Bh4 Qe7 10. h3 Bh5 11. Re1 Rfe8 12. Nf1 Rad8 13. Ne3 Bxe3 14. Rxe3 Na5 15. Bb5 c6 16. Ba4 b5 17. Bc2 c5 18. Qe1 Nc6 19. Bb3 a5 20. a4 b4 21. Bc4 Rc8 22. Nd2 g5 23. Bg3 Qc7 24. Nb3 Nd7 25. h4 g4 26. Rc1 Qb6 27. Qd2 Nf6 28. Bb5 Red8 29. Re2 Kh7 30. Qc2 Bg6 31. Nd2 Nh5 32. Nc4 Qa7 33. Ne3 Nd4 34. cxd4 cxd4 35. Nc4 Nf4 36. Bxf4 exf4 37. Qd2 f3 38. Ree1 Qe7 39. g3 Qf6 40. Nxa5 Ra8 41. Nc6 Re8 42. Nxb4 Re5 43. Nd5 Qg7 44. Rc7 Rd8 45. Qf4 h5 46. Rec1 Rf8 47. a5 Ra8 48. Nf6+ Kh8 49. Rc8+ Rxc8 50. Rxc8+ Qf8 51. Qh6+ Bh7 52. Qxh7# 1-0

[Variant "Standard"]
[Site "Europe Echecs"]

[Event "Championnat du monde jeunes U12"]
[Date "2024.11.26"]
[White "Wang, William Kaiyuan"]
[Black "Pennacchia, Domenico"]
[WhiteElo "1715"]
[BlackElo "1510"]
[Round "11.56"]
[Result "1-0"]
[TimeControl "5400+30"]

1. e4 c5 2. Nf3 d6 3. Bb5+ Bd7 4. Bxd7+ Qxd7 5. O-O g6 6. c3 Bg7 7. d4 cxd4 8. cxd4 e6 9. Nc3 Ne7 10. Qe2 O-O 11. Bf4 d5 12. Rfd1 Nbc6 13. Ne5 Nxe5 14. Bxe5 Nc6 15. Rac1 Nxe5 16. dxe5 Bxe5 17. exd5 Bxc3 18. Rxc3 exd5 19. Rcd3 Rad8 20. Qf3 Rfe8
21. h4 Re5 22. g4 Re4 23. Qxe4 dxe4 24.
Rxd7 Rc8 25. Rd8+ Rxd8 26. Rxd8+ Kg7 27.
Rd7 Kf6 28. Rxb7 g5 29. hxg5+ Kxg5 30.
Rxf7 Kxg4 31. Rxa7 h5 32. b4 h4 33.
Rh7 h3 34. b5 h2+ 35. Kxh2 Kf5 36. b6 e3 37. fxe3 Ke4 38. b7 Kf5 39. b8=Q Ke4 40. Qf4+ Kd3 41. Rd7+ Ke2 42. e4 Ke1 43. Qd2+ 1-0

[Variant "Standard"]
[Site "Europe Echecs"]

[Event "Championnat du monde jeunes U12"]
[Date "2024.11.26"]
[White "Sharku, Uvejs"]
[Black "Boiko, Nazar"]
[WhiteElo "1516"]
[BlackElo "1614"]
[Round "11.59"]
[Result "1/2-1/2"]
[TimeControl "5400+30"]

1. d4 d5 2. Bf4 Bf5 3. e3 Nf6 4. Nf3 e6 5. Bd3 Bg6 6. c3 Bd6 7. Bg3 O-O 8. Bxg6 hxg6 9. O-O c5 10. Ne5 Ne4 11. Nf3 Nxg3 12. hxg3 cxd4 13. cxd4 Nd7 14. Nc3 Nf6 15. Rc1 a6 16. a3 Rc8 17. Qd2 Qd7 18. Rc2 Rc7 19. Rfc1 Rfc8 20. Ne2 Ne4 21. Qd1 1/2-1/2

[Variant "Standard"]
[Site "Europe Echecs"]

[Event "Championnat du monde jeunes U12"]
[Date "2024.11.26"]
[White "Mohd Firdaus, Firast Haiqal"]
[Black "Berishvili, Davit"]
[WhiteElo "1514"]
[BlackElo "1578"]
[Round "11.60"]
[Result "0-1"]
[TimeControl "5400+30"]

1. Nf3 d5 2. d4 Nf6 3. Bf4 Bf5 4. e3 e6 5. Bd3 Bg6 6. Ne5 Nh5 7. Nxg6 hxg6 8. Qf3 Nxf4 9. Qxf4 Qd6 10. Qxd6 Bxd6 11. Nd2 Nd7 12. h3 g5 13. Ke2 Ke7 14. Nf3 f6 15. c4 dxc4 16. Bxc4 Rh6 17. Nd2 Rah8 18. Ne4 g4 19. Nxd6 cxd6 20. h4 g5 21. h5 Rxh5 22. Rxh5 Rxh5 23. g3 f5 24. Rc1 Nf6 25. Bb3 Kd7 26. Ba4+ Kd8 27. Bb3 d5 28. Bc2 Rh2 29. Bd3 Nh5 30. Rg1 Kc7 31. Bb5 Nf6 32. Rc1+ Kb8 33. Rc2 Ne4 34. Kf1 Rh7 35. Kg2 a6 36. Ba4 b5 37. Bb3 Kb7 38. Rc1 Nd2 39. Bd1 Rc7 40. Rxc7+ Kxc7 41. f3 gxf3+ 42. Bxf3 Nc4 43. Kf2 g4 44. Bd1 Nxb2 45. Bb3 Nc4 46. Ke2 Nd6 47. Bc2 Kb6 48. Kd2 Nc4+ 49. Kd3 Ka5 50. Bb3 Nd6 51. Ke2 Ne4 52. Bc2 Nxg3+ 53. Kf2 Ne4+ 54. Ke1 Kb4 55. Bb3 a5 56. Kf1 Nd2+ 57. Kg2 Nxb3 58. axb3 Kxb3 0-1

[Variant "Standard"]
[Site "Europe Echecs"]

[Event "Championnat du monde jeunes U12"]
[Date "2024.11.26"]
[White "Mihajlovic, Stefan"]
[Black "Sobirov, Feruzbek"]
[WhiteElo "1594"]
[BlackElo "1487"]
[Round "11.61"]
[Result "0-1"]
[TimeControl "5400+30"]

1. e4 e6 2. d4 d5 3. e5 c5 4. c3 Nc6 5. Nf3 Qb6 6. Be2 cxd4 7. cxd4 Nge7 8. b3 Nf5 9. Bb2 Bb4+ 10. Nbd2 Nfxd4 11. Nxd4 Nxd4 12. Bxd4 Qxd4 13. Bb5+ Bd7 14. Bxd7+ Kxd7 15. Rc1 Qxe5+ 16.
Kf1 Qd4 17. Qc2 Rac8 18. Nc4 Ke7 19.
Rd1 Qf4 20. Qd3 dxc4 21. Qd7+ Kf6 22.
Rd4 Qc1+ 23. Ke2 Qc2+ 24. Kf3 Qc3+ 25.
Kg4 h5+ 0-1

[Variant "Standard"]
[Site "Europe Echecs"]

[Event "Championnat du monde jeunes U12"]
[Date "2024.11.26"]
[White "Kim, Minwoo"]
[Black "Anuzis, Finas"]
[WhiteElo "1501"]
[BlackElo "1614"]
[Round "11.62"]
[Result "1-0"]
[TimeControl "5400+30"]

1. e4 e6 2. d4 d5 3. Bd3 dxe4 4. Bxe4 Nf6 5. Bf3 Be7 6. Nc3 O-O 7. Nge2 Nbd7 8. Be3 c6 9. Qd2 Nd5 10. Nxd5 cxd5 11. Nc3 Nb6 12. Be2 Bd7 13. a3 Nc8 14. O-O-O Nd6 15. g4 Rc8 16. f3 f6 17. h4 Nc4 18. Bxc4 Rxc4 19. g5 fxg5 20. hxg5 Rxf3 21. Qh2 Bf8 22. Qxh7+ Kf7 23. Qh5+ Ke7 24. Qxf3 Kd6 25. Bf4+ Ke7 26. Be5 Ke8 27. Qh5+ Ke7 28. Rhf1 Be8 29. Qh8 Bg6 30. Bxg7 Bxg7 31. Qxg7+ Kd6 32. Qxg6 Qa5 33. Rfe1 Rxc3 34. Rxe6+ Kc7 35. Qf7+ Kb8 36. Re8+ Rc8 37. Qf4+ Qc7 38. Rxc8+ Kxc8 39. Qxc7+ Kxc7 40. g6 Kb6 41. g7 Ka6 42. g8=Q b6 43. Qc8+ Ka5 44. b4+ Kb5 45. Qd7+ Ka6 46. a4 b5 47. Qxb5# 1-0

[Variant "Standard"]
[Site "Europe Echecs"]